 Seeded DCSS version 0.30-a0-358-g0d69a1922f (webtiles) character file.

Game seed: 2231567656055988436 (custom seed)

60629 retardedninja the Warrior (level 14, 0/204 HPs)
             Began as a Minotaur Fighter on Nov 9, 2022.
             Was an Initiate of Gozag.
             Slain by a catoblepas (1 damage)
             ... while petrified by a catoblepas
             ... on level 5 of the Lair of Beasts.
             The game lasted 00:33:45 (21895 turns).

retardedninja the Warrior (Minotaur Fighter)       Turns: 21895, Time: 00:33:46

Health: 0/204      AC: 27    Str: 27    XL:     14   Next: 57%
Magic:  0/11       EV:  2    Int:  5    God:    Gozag
Gold:   163        SH:  0    Dex: 15    Spells: 13/13 levels left

rFire   . . .      SeeInvis .    a - +2 war axe (vamp)
rCold   . . .      Faith    .    L - +0 kite shield
rNeg    + + +      Spirit   +    (body armour currently unavailable)
rPois   ∞          Reflect  .    (helmet unavailable)
rElec   .          Harm     .    (cloak currently unavailable)
rCorr   +          Rampage  .    (gloves currently unavailable)
Will    +....      NoTele   +    (boots currently unavailable)
Stlth   +.........               m - amulet of guardian spirit
HPRegen 0.54/turn                G - +6 ring of dexterity
MPRegen 0.12/turn                z - ring of resist corrosion

@: tree-form, petrified, gold aura
A: stationary, stasis, torment immunity, boosted hp, (horns 3), (retaliatory
headbutt), (iridescent scales 1), low MP 1, subdued magic 1
a: Renounce Religion, Potion Petition, Call Merchant, Bribe Branch


You were on level 5 of the Lair of Beasts.
You worshipped Gozag.
Gozag was aware of your devotion.
You were a tree.
You visited 2 branches of the dungeon, and saw 17 of its levels.

You collected 5181 gold pieces.
You spent 462 gold pieces at shops.
You paid 4556 gold pieces to Gozag.

Inventory:

Hand Weapons
 a - a +2 vampiric war axe (weapon)
Armour
 p - a +0 pair of boots (melded)
 w - a +5 plate armour (melded)
 y - a +0 cloak of preservation (melded)
 L - a +0 kite shield (worn)
 O - a +0 pair of gloves (melded)
Jewellery
 m - an amulet of guardian spirit (around neck)
 z - a ring of resist corrosion (right branch)
 G - a +6 ring of dexterity (left branch)
Wands
 q - a wand of mindburst (11)
 s - a wand of polymorph (7)
 x - a wand of roots (13)
 D - a wand of flame (30)
 M - a wand of paralysis (3)
Scrolls
 c - 5 scrolls of identify
 d - 7 scrolls of teleportation
 e - a scroll of enchant weapon
 f - 7 scrolls of fear
 n - 6 scrolls of vulnerability
 o - 2 scrolls of magic mapping
 u - 6 scrolls of immolation
 v - 7 scrolls of poison
 C - a scroll of butterflies
 I - 6 scrolls of amnesia
 N - 2 scrolls of blinking
Potions
 b - 3 potions of cancellation
 h - 2 potions of attraction
 i - 3 potions of flight
 j - 2 potions of brilliance
 l - 2 potions of mutation
 t - a potion of lignification
 A - 4 potions of magic
 E - 2 potions of resistance
 P - 4 potions of ambrosia
Miscellaneous
 H - a piece from Xom's chessboard (15/15)
 K - a phantom mirror


   Skills:
 + Level 15.9 Fighting
 + Level 15.7 Axes
 + Level 15.8 Armour
 + Level 15.9 Shields


You had 13 spell levels left.
You didn't know any spells.
Your spell library contained the following spells:

 Spells                   Type           Power      Damage    Failure   Level
 Apportation              Tloc           0%         N/A       61%         1
 Beastly Appendage        Tmut           0%         N/A       61%         1
 Necrotise                Necr           0%         1d4       61%         1
 Summon Small Mammal      Summ           0%         N/A       61%         1
 Ensorcelled Hibernation  Hex/Ice        0%         N/A       77%         2
 Passwall                 Tmut/Erth      0%         N/A       77%         2
 Static Discharge         Conj/Air       0%         2-2/arc   77%         2
 Sublimation of Blood     Necr           0%         N/A       77%         2
 Wereblood                Tmut           0%         N/A       77%         2
 Spider Form              Tmut/Pois      0%         N/A       94%         3
 Swiftness                Air            0%         N/A       94%         3
 Vhi's Electric Charge    Tloc/Air       0%         N/A       94%         3
 Arcjolt                  Conj/Air       0%         1d10      100%        5
 Lightning Bolt           Conj/Air       0%         1d11      100%        5
 Summon Hydra             Summ           0%         N/A       100%        7


Dungeon Overview and Level Annotations

Branches:
Dungeon (12/15)            Temple (0/1) D:5            Lair (5/5) D:9
  Swamp (0/4) Lair:2        Snake (0/4) Lair:3        Slime (0/5) Lair:4
    Orc (0/2) D:12

Altars:
Ashenzari
Cheibriados
Dithmenos
Elyvilon
Gozag
Nemelex Xobeh
Uskayaw
Wu Jian
Xom
Yredelemnul
Zin
Jiyva

Shops:
D:4 (   D:8 *


Innate Abilities, Weirdness & Mutations

You are a tree.
Your roots penetrate the ground, keeping you stationary.
You cannot be teleported.
You are immune to unholy pain and torment.
Your maximum health is greatly increased.
You are immune to poison.
Your equipment is partially melded.
((You have a pair of large horns on your head.))
((You reflexively headbutt those who attack you in melee.))
((You are partially covered in iridescent scales. (AC +2)))
Your magical capacity is low. (-10% MP)
Your spells are a little easier to cast, but a little less powerful.


Message History

Your dream sheep bites the death yak but does no damage.
The death yak gores you!
* * * LOW HITPOINT WARNING * * *
The lindwurm bites you but does no damage.
The lindwurm claws you but does no damage. x2
The death yak gores you but does no damage.
The death yak gores you!
* * * LOW HITPOINT WARNING * * *
The catoblepas bellows!
Your dream sheep barely misses the death yak. x2
Your torpor snail bites the death yak!!
The deep troll shaman barely misses your butterfly.
The deep troll shaman claws your butterfly!
Your butterfly dies!
Your butterfly disappears in a burst of colours!
The death yak gores you!
* * * LOW HITPOINT WARNING * * *
The death yak gores you but does no damage.
The catoblepas gores you but does no damage.
The lindwurm bites you but does no damage.
The lindwurm completely misses you.
The lindwurm claws you but does no damage.
Your dream sheep bites the death yak.
Your dream sheep bites the death yak but does no damage.
The dream sheep attempt to lull the catoblepas to sleep.
The catoblepas is unaffected.
Your torpor snail bites the death yak!!
The death yak dies!
The deep troll shaman misses your butterfly. x2
The deep troll shaman claws your butterfly!
Your butterfly dies!
Your butterfly disappears in a burst of colours!
Your dream sheep bites the death yak.
Your dream sheep bites the death yak!
The lindwurm bites you but does no damage.
The lindwurm claws you but does no damage. x2
The death yak gores you but does no damage.
The death yak gores you!
* * * LOW HITPOINT WARNING * * *
The catoblepas gores you.
You die...
Your body crumbles into a pile of gold.

## ##.#
########bb.##
###.....bbk.P.#
##.....P##♣YbbP# ###
##P.....##YYY.b##
#.##
#.....###wY.Y#.#
...###...###..YYbb#
.# ...##....#
.b.bb.b# .#
..##..÷.##.8..#T.b.
♣
..#.....#.....#...b
..#.....#.8.##b##..#
..#.....#


You could see 3 death yaks, a catoblepas (slow, ally target), a lindwurm (slow,
ally target), a deep troll shaman (slow), a friendly torpor snail (summoned) and
4 friendly dream sheep.

Vanquished Creatures
  8 hydras
  A boulder beetle (Lair:5)
  5 two-headed ogres
  9 death yaks
  3 oklob plants
  2 ugly things
  A manticore (Lair:4)
  6 black mambas
  A torpor snail (Lair:3)
  14 cane toads
  3 gargoyles (D:12)
  18 elephants
  An unseen horror (D:10)
  A rime drake (Lair:4)
  A kobold demonologist (D:11)
  7 komodo dragons
  4 polar bears
  2 trolls (D:11)
  3 meliai (Lair:4)
  A queen bee (Lair:4)
  A tyrant leech (Lair:2)
  A hornet (D:10)
  21 blink frogs
  Prince Ribbit (D:7)
  2 shadows
  A wraith (D:12)
  8 wyverns
  A vampire (D:11)
  56 yaks
  5 basilisks
  Grum (D:11)
  2 steam dragons
  A death yak simulacrum (Lair:1)
  11 vampire mosquitoes
  2 wargs (D:12)
  2 swamp worms (Lair:4)
  5 nagas (Lair:3)
  2 acid dragons
  15 water moccasins
  An ice beast (D:6)
  4 orc warriors
  4 black bears
  4 sky beasts
  2 ogres
  10 wolves
  A centaur (D:9)
  3 kobold brigands (D:11)
  12 bullfrogs
  2 gnoll sergeants (D:8)
  2 scorpions
  6 wights (D:8)
  An elephant simulacrum (Lair:1)
  38 killer bees
  3 howler monkeys (D:9)
  2 electric eels
  3 jellies
  3 orc priests
  4 hounds
  An iron imp (D:6)
  An iguana (D:4)
  10 orc wizards
  A polar bear simulacrum (Lair:1)
  A wolf simulacrum (Lair:1)
  15 gnolls
  A river rat (Lair:4)
  6 adders
  An ufetubus (D:5)
  3 worms
  5 dart slugs
  47 orcs
  10 endoplasms
  2 giant cockroaches (D:1)
  6 goblins
  12 hobgoblins
  6 quokkas
  3 ball pythons
  4 bats
  13 frilled lizards
  11 kobolds
  2 rats (D:1)
495 creatures vanquished.

Vanquished Creatures (collateral kills)
  A death yak (Lair:5)
1 creature vanquished.

Vanquished Creatures (others)
  An orc wizard (D:11)
  21 fungi
  78 plants
100 creatures vanquished.

Grand Total: 596 creatures vanquished

Notes
Turn   | Place    | Note
-------+----------+-------------------------------------------
     0 | D:1      | retardedninja the Minotaur Fighter began the quest for the
                  | Orb.
     0 | D:1      | Reached XP level 1. HP: 19/19 MP: 0/0
   128 | D:1      | Reached XP level 2. HP: 21/27 MP: 1/1
   273 | D:1      | Found a faded altar of an unknown god.
   558 | D:1      | Reached XP level 3. HP: 33/33 MP: 2/2
  1033 | D:2      | Reached XP level 4. HP: 40/41 MP: 3/3
  1710 | D:3      | Found a broken altar of Ashenzari.
  2459 | D:4      | Noticed an ogre
  2464 | D:4      | Killed an ogre
  2465 | D:4      | Reached skill level 5 in Fighting
  2465 | D:4      | Reached XP level 5. HP: 39/48 MP: 4/4
  2510 | D:4      | Found Fynamiuh's Weapon Shop.
  2813 | D:4      | Reached skill level 5 in Shields
  2814 | D:4      | Reached skill level 5 in Armour
  2846 | D:4      | Reached XP level 6. HP: 56/56 MP: 5/5
  2868 | D:4      | Gained mutation: Your spells are a little easier to cast,
                  | but a little less powerful. [potion of mutation]
  2868 | D:4      | Gained mutation: You have a pair of large horns on your
                  | head. [potion of mutation]
  2868 | D:4      | Gained mutation: Your magical capacity is low. (-10% MP)
                  | [potion of mutation]
  2868 | D:4      | Gained mutation: You are partially covered in iridescent
                  | scales. (AC +2) [potion of mutation]
  3718 | D:5      | Entered Level 5 of the Dungeon
  3963 | D:5      | Found a basalt altar of Yredelemnul.
  4425 | D:5      | Noticed a +0 dagger
  4448 | D:5      | Noticed a +0 short sword
  4448 | D:5      | Noticed a +0 dagger
  4448 | D:5      | Noticed a +0 falchion
  4448 | D:5      | Noticed a +0 falchion
  4449 | D:5      | Noticed a +0 spear
  4450 | D:5      | Noticed a +0 spear
  4699 | D:5      | Found a hide-covered altar of Uskayaw.
  4699 | D:5      | Noticed a +0 short sword
  4771 | D:5      | Found a staircase to the Ecumenical Temple.
  4857 | D:5      | Reached skill level 5 in Axes
  4857 | D:5      | Reached XP level 7. HP: 62/62 MP: 5/5
  4916 | D:6      | Found an opulent altar of Gozag.
  4924 | D:6      | Became a worshipper of Gozag Ym Sagoz the Greedy
  5301 | D:6      | Found a snail-covered altar of Cheibriados.
  5689 | D:7      | Reached XP level 8. HP: 68/71 MP: 6/6
  6027 | D:7      | Noticed Prince Ribbit
  6064 | D:7      | Killed Prince Ribbit
  6475 | D:7      | Reached XP level 9. HP: 80/81 MP: 7/7
  6607 | D:7      | Found a shimmering altar of Xom.
  6776 | D:8      | Found Xiuruug's General Store.
  7476 | D:8      | Found a sparkling altar of Nemelex Xobeh.
  7766 | D:8      | Noticed a two-headed ogre
  7770 | D:8      | Killed a two-headed ogre
  7916 | D:8      | Reached XP level 10. HP: 91/91 MP: 8/8
  8054 | D:8      | Bought a scroll of identify for 22 gold pieces
  8054 | D:8      | Bought a phantom mirror for 440 gold pieces
  8942 | D:9      | Found a staircase to the Lair.
  9467 | D:10     | Entered Level 10 of the Dungeon
  9556 | D:10     | Found a white marble altar of Elyvilon.
  9567 | D:10     | Reached skill level 10 in Fighting
  9577 | D:10     | Reached skill level 10 in Shields
  9580 | D:10     | Reached skill level 10 in Armour
  9584 | D:10     | Found an ornate altar of the Wu Jian Council.
  9727 | D:10     | Paralysed by a hornet for 3 turns
  9983 | D:10     | Reached skill level 10 in Axes
 10133 | D:10     | Found a glowing silver altar of Zin.
 10151 | D:10     | Found a flagged portal.
 11134 | D:11     | Identified the +3 robe of Zin's Inspiration {Int+2}
 11158 | D:11     | Found a shadowy altar of Dithmenos.
 11179 | D:11     | Noticed a sixfirhy
 11191 | D:11     | Reached XP level 11. HP: 79/101 MP: 8/8
 11245 | D:11     | Noticed a red ugly thing
 11252 | D:11     | Killed a red ugly thing
 11669 | D:11     | Noticed Grum
 11678 | D:11     | Killed Grum
 12412 | D:12     | Noticed a green ugly thing
 12428 | D:12     | Killed a green ugly thing
 13008 | D:12     | Noticed a two-headed ogre
 13016 | D:12     | Killed a two-headed ogre
 13037 | D:12     | Noticed a two-headed ogre
 13049 | D:12     | Killed a two-headed ogre
 13164 | D:12     | Noticed a two-headed ogre
 13173 | D:12     | Killed a two-headed ogre
 13174 | D:12     | Found a staircase to the Orcish Mines.
 13544 | D:12     | Noticed a two-headed ogre
 13551 | D:12     | Killed a two-headed ogre
 13552 | D:12     | Reached XP level 12. HP: 112/113 MP: 9/9
 13869 | Lair:1   | Entered Level 1 of the Lair of Beasts
 14030 | Lair:1   | Found a frozen archway.
 14944 | Lair:2   | Noticed a death yak
 14960 | Lair:2   | Noticed a death yak
 15121 | Lair:2   | Noticed a death yak
 15121 | Lair:2   | Noticed a death yak
 15135 | Lair:1   | Killed a death yak
 15140 | Lair:1   | Killed a death yak
 15155 | Lair:1   | Killed a death yak
 15163 | Lair:1   | Killed a death yak
 16171 | Lair:2   | Reached XP level 13. HP: 119/123 MP: 10/10
 16437 | Lair:2   | Found a staircase to the Swamp.
 17797 | Lair:3   | Found a staircase to the Snake Pit.
 18366 | Lair:3   | Found the +1 robe of Vines {NoPotionHeal Regen++++}
 18750 | Lair:4   | Reached skill level 15 in Fighting
 18855 | Lair:4   | Reached skill level 15 in Shields
 18874 | Lair:4   | Found a staircase to the Slime Pits.
 18887 | Lair:4   | Found a viscous altar of Jiyva.
 19013 | Lair:4   | Reached skill level 15 in Armour
 19188 | Lair:4   | Reached XP level 14. HP: 135/135 MP: 11/11
 20003 | Lair:4   | Reached skill level 15 in Axes
 20226 | Lair:4   | Identified the amulet "Johiob" {Faith Dex+3 Slay-6}
 20928 | Lair:5   | Entered Level 5 of the Lair of Beasts
 21887 | Lair:5   | HP: 9/204 [death yak (3)]
 21889 | Lair:5   | HP: 3/204 [death yak (2)]
 21895 | Lair:5   | HP: 1/204 [death yak (3)]
 21895 | Lair:5   | Slain by a catoblepas

Illustrated notes

Levels and vault maps discovered:
D:1:      amcnicky_arrival_choice, layout_basic,
          shapermc_ecumenical_altar_ellora, minmay_misc_feat_ornament
D:2:      layout_basic, minmay_lizard_king
D:3:      layout_loops_ring, mainiacjoe_overflow_cross_hatched
D:4:      layout_basic, serial_shops, nicolae_shop_trees, serial_bayou_pond_a
D:5:      layout_loops_ring, nicolae_uskayaw_en_pointe,
          yredelemnul_altar_generic, minmay_temple_entry_fiery
D:6:      layout_rooms, chei_slow_surprise,
          nicolae_gozag_cash_rules_everything_around_me
D:7:      layout_loops_ring, tgw_xom, kennysheep_generic_room_10,
          uniq_prince_ribbit1
D:8:      layout_loops_ring, mainiacjoe_overflow_24_doors, serial_shops,
          nicolae_shop_window_shopping, chequers_serial_rivers_micro_c
D:9:      layout_cave_pools, lair_entry_dummy, special_room [special_room_orc],
          minivault_22
D:10:     layout_stronghold, general_overflow_altar, nicolae_overflow_squiral,
          enter_bailey_2, grunt_decor_arrowhead
D:11:     layout_roguey, nicolae_dithmenos_shadow_blocks, uniq_grum
D:12:     layout_loops_ring, david_orc_1_choice, abandoned_shop
Lair:1:   layout_cellular_growth, portal_ice_cave_entry_ice_simulacra,
          lemuel_fruit_tree, serial_bayou_shore_a, lemuel_fruit_fields
Lair:2:   layout_cave_shapes, minmay_swamp_entry_worms, minivault_23
Lair:3:   layout_chaotic_city, minmay_snake_entry_guardpost_medium,
          minmay_hedge_maze, fungi_pond_lemuel, hellmonk_guarded_unrand_vines
Lair:4:   regret_index_harrowing_hell_hive, layout_long_grid, slime_entry_1,
          minivault_24, worms_lemuel, serial_bayou_shore_b
Lair:5:   grunt_lair_end_beastmaster, layout_gridlike, st_stairs_5, tgw_fedhas

Skill      XL: |  1  2  3  4  5  6  7  8  9 10 11 12 13 14 |
---------------+-------------------------------------------+-----
Fighting       | 4 5 6 8 9 10 12 13 15 | 15.9
Armour         | 4 5 6 7 9 10 12 13 15 | 15.8
Shields        | 4 5 6 7 9 10 12 13 15 | 15.9
Axes           | 3 4 5 6 7 9 10 12 13 14 15 | 15.7

Action                   |  1- 3 |  4- 6 |  7- 9 | 10-12 | 13-15 || total
-------------------------+-------+-------+-------+-------+-------++-------
Melee: War axe           |    93 |   162 |   228 |   603 |   680 ||  1766
       Headbutt          |     9 |    18 |    46 |   145 |   162 ||   380
Throw: Throwing net      |       |       |       |       |     1 ||     1
Invok: Potion Petition   |       |       |       |     3 |     9 ||    12
Evoke: Phantom mirror    |       |       |       |       |     1 ||     1
  Use: Potion            |       |     3 |     4 |     4 |    10 ||    21
       Scroll            |       |       |    16 |    16 |     6 ||    38
 Stab: Distracted        |       |       |       |     7 |     4 ||    11
       Invisible         |       |       |       |     2 |     7 ||     9
Armor: Scale mail        |    48 |    23 |       |       |       ||    71
       Plate armour      |       |    60 |   187 |   312 |   553 ||  1112
       Skin              |       |    58 |       |     4 |   153 ||   215
Dodge: Dodged            |    45 |    43 |    63 |   156 |   262 ||   569
Block: Buckler           |    25 |    24 |    35 |     3 |       ||    87
       Kite shield       |       |       |       |   358 |   607 ||   965

Table legend: (Time is in decaauts)
 A = Elapsed time spent in this place.
 B = Non-inter-level travel time spent in this place.
 C = Inter-level travel time spent in this place.
 D = Time resting spent in this place.
 E = Time spent auto-exploring this place.
 F = Levels seen in this place.
 G = Mean time per level.
                   A        B        C        D        E       F      G
               +--------+--------+--------+--------+--------+-----+--------+
         Total |  22039 |  21418 |    621 |   5061 |  12618 |  17 | 1296.4 |
       Dungeon |  14061 |  13504 |    557 |   2633 |   8760 |  12 | 1171.8 |
          Lair |   7978 |   7914 |     64 |   2428 |   3857 |   5 | 1595.6 |
               +--------+--------+--------+--------+--------+-----+--------+

Top non-repeatable levels by time:
  Lair:4: 2406 daAuts
     D:8: 2106 daAuts
  Lair:3: 2023 daAuts
  Lair:1: 1710 daAuts
    D:11: 1489 daAuts
    D:10: 1455 daAuts
    D:12: 1426 daAuts
     D:4: 1309 daAuts
     D:7: 1189 daAuts
     D:5: 1173 daAuts
     D:2: 957 daAuts
  Lair:5: 946 daAuts
  Lair:2: 891 daAuts
     D:1: 773 daAuts
     D:3: 761 daAuts
